 Dungeon Crawl Stone Soup version 0.31-a0-234-gad7ace16ef (webtiles) character file.

Game seed: 7652110457258276704

74 qw the Shooter (level 4, -1/26 HPs)
             Began as a Gargoyle Hexslinger on July 9, 2023.
             Slain by a kobold brigand
             ... wielding a +0 short sword
              (8 damage)
             ... in a sewer.
             The game lasted 00:00:37 (1864 turns).

qw the Shooter (Gargoyle Hexslinger)                Turns: 1864, Time: 00:00:38

Health: -1/26      AC:  8    Str: 11    XL:     4   Next: 30%
Magic:  5/5        EV: 10    Int: 14    God:
Gold:   88         SH:  0    Dex: 14    Spells: 4/5 levels left

rFire   . . .        Y - +1 sling (flame)
rCold   . . .        (no shield)
rNeg    + . .        b - +0 ring mail
rPois   inf          (no helmet)
rElec   +            (no cloak)
rCorr   .            (no gloves)
SInv    .            (no boots)
Will    .....        (no amulet)
Stlth   +            (no ring)
HPRegen 0.24/turn    (no ring)
MPRegen 0.09/turn

%: no passive effects
@: no status effects
A: sickness immunity, AC +3, negative energy resistance 1, electricity
resistance, torment resistance 1, petrification resistance
a: no special abilities


You were in a sewer.
You visited 1 branch of the dungeon, and saw 3 of its levels.
You also visited: Sewer.

You collected 88 gold pieces.


Innate Abilities, Weirdness & Mutations

You are immune to sickness and miasma.
Your stone body is resilient. (AC +3)
You are immune to poison.
You resist negative energy. (rN+)
You are resistant to electric shocks. (rElec)
You are resistant to unholy torment.
You are immune to petrification.


   Skills:
 - Level 2.0 Fighting
 - Level 4.0 Ranged Weapons
 + Level 0.8 Armour
 - Level 1.5 Dodging
 - Level 1.0 Spellcasting
 - Level 2.6 Hexes


You had 4 spell levels left.
You knew the following spells:

 Your Spells              Type           Power      Damage    Failure   Level
a - Slow                  Hex            32%        N/A       22%         1

Your spell library contained the following spells:

 Spells                   Type           Power      Damage    Failure   Level
 Inner Flame              Hex/Fire       4%         N/A       73%         3
 Portal Projectile        Hex/Tloc       8%         N/A       73%         3
 Cause Fear               Hex            4%         N/A       91%         4

Inventory:

Hand Weapons
 Y - a +1 sling of flaming (weapon)
Armour
 b - a +0 ring mail (worn)
Scrolls
 f - a scroll of identify
Potions
 d - a potion of degeneration {unknown}
 h - a potion of lignification {unknown}

Dungeon Overview and Level Annotations

Branches:
Dungeon (3/15)              Sewer (1/1)

Altars:
Yredelemnul


Message History

The kobold hits you but does no damage. x2
You shoot a sling bullet.
The sling bullet hits the kobold brigand.
The sling bullet burns the kobold brigand.
The kobold brigand is moderately wounded.
The kobold hits you with a +0 dagger. The kobold hits you but does no damage.
The kobold brigand hits you but does no damage.
You shoot a sling bullet.
The sling bullet barely misses the kobold brigand.
The kobold hits you but does no damage. The kobold brigand barely misses you.
The kobold hits you with a +0 short sword.
The kobold hits you but does no damage.
The kobold brigand hits you with a +0 short sword.
The kobold hits you but does no damage.
You shoot a sling bullet.
The sling bullet barely misses the kobold brigand.
The kobold hits you but does no damage.
The kobold brigand hits you with a +0 short sword.
The kobold completely misses you.
You shoot a sling bullet.
The sling bullet hits the kobold brigand but does no damage.
The kobold brigand is moderately wounded.
The kobold closely misses you.
The kobold brigand hits you but does no damage.
The kobold hits you but does no damage.
You shoot a sling bullet.
The sling bullet hits the kobold brigand.
The sling bullet burns the kobold brigand.
The kobold brigand is moderately wounded.
The kobold completely misses you.
The kobold brigand hits you but does no damage.
The kobold hits you but does no damage. x3
The kobold brigand hits you with a +0 short sword.
You shoot a sling bullet.
The sling bullet hits the kobold brigand.
The sling bullet burns the kobold brigand.
The kobold brigand is severely wounded.
The kobold hits you with a +0 dagger.
The kobold brigand hits you with a +0 short sword!
You die...

#...P..#~~~~~~
#......#~~~~~
#......#~~~#
#....~~#~~~#
#...~~#~~~#
##...P%~~~~#
#....~%~~~~#
###...P#~~~#
#.K@.#~~~#
##KK##~~~#
#!.)!#~~~#
#....#~~~#
#..\.#~~~#
#.??.#~~~#
######~~~#
#...'~~~#
#\\.#~~~#


You could see a kobold brigand and 2 kobolds.

Vanquished Creatures
  3 adders (D:2)
  7 ball pythons
  8 bats
  3 endoplasms (D:1)
  2 giant cockroaches
  5 goblins
  4 hobgoblins
  3 kobolds
  2 quokkas
  4 frilled lizards
  4 rats
45 creatures vanquished.

Notes
Turn   | Place    | Note
-------+----------+-------------------------------------------
     0 | D:1      | qw the Gargoyle Hexslinger began the quest for the Orb.
     0 | D:1      | Reached XP level 1. HP: 12/12 MP: 2/2
     0 | D:1      | 0 ||| qw: Version: 0.3-a-51-g015441d
     0 | D:1      | 0 ||| qw: Game counter: 4348
     0 | D:1      | 0 ||| qw: Melee chars always use a shield: true
     0 | D:1      | 0 ||| qw: God list: Okawaru
     0 | D:1      | 0 ||| qw: Allow faded altars: false
     0 | D:1      | 0 ||| qw: Do Orc after clearing Dungeon:15 true
     0 | D:1      | 0 ||| qw: Do second Lair branch before Depths: true
     0 | D:1      | 0 ||| qw: Lair rune preference: random
     0 | D:1      | 0 ||| qw: Goals: Normal
     0 | D:1      | 0 ||| PLANNING D:1-11
   146 | D:1      | HP: 3/12 [ball python (1)]
   147 | D:1      | HP: 1/12 [constriction (1)]
   229 | D:1      | Reached XP level 2. HP: 16/16 MP: 3/3
   364 | D:1      | Reached skill level 3 in Ranged Weapons
   379 | D:1      | 379 ||| DROPPING scroll of poison.
   382 | D:1      | 382 ||| Stepping ~*~*~tactically~*~*~ (water).
   607 | D:1      | Reached XP level 3. HP: 21/21 MP: 4/4
   997 | D:2      | Found a faded altar of an unknown god.
  1361 | D:2      | Reached XP level 4. HP: 20/26 MP: 5/5
  1471 | D:2      | Reached skill level 4 in Ranged Weapons
  1487 | D:2      | 1487 ||| UPGRADING to +0 ring mail.
  1499 | D:2      | 1499 ||| DROPPING +0 robe.
  1535 | D:2      | Found a basalt altar of Yredelemnul.
  1785 | D:2      | 1785 ||| READING scroll labelled TEL FODIALOQAN.
  1786 | D:2      | 1786 ||| READING 2 scrolls labelled KINEWU WIOPROE.
  1787 | D:2      | 1787 ||| READING scroll labelled UWINKU KAINN.
  1810 | D:3      | 1810 ||| PLANNING SEWER
  1813 | D:3      | Found a glowing drain.
  1824 | Sewer    | Entered a sewer
  1847 | Sewer    | Noticed a kobold brigand
  1864 | Sewer    | Slain by a kobold brigand

Levels and vault maps discovered:
D:1:      ldierk_walled_garden_2, layout_loops_ring, minmay_stone_trees_small,
          amcnicky_mini_rare_corridor_liquid, chequers_big_river
D:2:      layout_loops_corners, shapermc_ecumenical_altar_flowoftime,
          basic_altar, item_on_display_a
D:3:      layout_basic, elyvilon_altar_3, serial_shops,
          nicolae_shop_back_alley_shop, cheibrodos_sewer_entry_drain,
          nicolae_grassy_gnolls, uniq_jessica
Sewer:    kennysheep_pipe_town

Skill      XL: |  1  2  3  4 |
---------------+-------------+-----
Ranged Weapons | 3 4 |  4.0
Fighting       | 2 |  2.0
Armour         | |  0.8
Dodging        | |  1.5
Spellcasting   | |  1.0
Hexes          | |  2.6

Action                     |  1- 3 |  4- 6 || total
---------------------------+-------+-------++-------
   Fire: Sling             |   112 |    40 ||   152
    Use: Scroll            |       |     3 ||     3
 Armour: Robe              |    17 |       ||    17
         Ring mail         |       |    40 ||    40
         Skin              |       |     1 ||     1
  Dodge: Dodged            |    45 |    28 ||    73

Table legend:
 A = Non-vault XP
 B = Vault XP
 C = Vault XP percentage of total XP
 D = Non-vault monster count
 E = Vault monster count
 F = Vault count percentage of total count
                 A         B        C        D         E       F
            +---------+---------+-------+---------+---------+-------
      Total |      95 |      12 |  11.2 |      38 |       7 |  15.6
            +---------+---------+-------+---------+---------+-------
        D:1 |      36 |       0 |   0.0 |      24 |       0 |   0.0
        D:2 |      59 |       0 |   0.0 |      14 |       0 |   0.0
        D:3 |       0 |       5 | 100.0 |       0 |       3 | 100.0
      Sewer |       0 |       7 | 100.0 |       0 |       4 | 100.0
            +---------+---------+-------+---------+---------+-------
